 Dungeon Crawl Stone Soup version 0.19.5 (webtiles) character file.

1404 swiftsword94 the Gouger (level 8, -3/36 HPs)
             Began as a Felid Monk on Apr 23, 2017.
             Was an Initiate of Uskayaw.
             Killed from afar by an orc wizard (5 damage)
             ... with a magic dart
             ... on level 6 of the Dungeon.
             The game lasted 00:44:49 (8681 turns).

swiftsword94 the Gouger (Felid Monk)                Turns: 8681, Time: 00:44:49

Health: -3/36      AC:  2    Str:  7    XL:     8   Next: 42%
Magic:  2/9        EV: 28    Int: 16    God:    Uskayaw [......]
Gold:   212        SH:  0    Dex: 21    Spells: 0 memorised, 7 levels left
                                        Lives:  0   Deaths: 2

rFire  . . .     SeeInvis +       - Unarmed
rCold  . . .     Gourm    .     (armour unavailable)
rNeg   . . .     Faith    .     (shield unavailable)
rPois  .         Spirit   .     (helmet unavailable)
rElec  .         Reflect  .     (cloak unavailable)
rCorr  .         Harm     .     (gloves unavailable)
MR     +....                    (boots unavailable)
Stlth  ++++......               (no amulet)
                                r - +4 ring of evasion
                                h - +5 ring of intelligence

@: quick
A: no armour, no weapons or thrown items, stealth, claws 1, fangs 3, see
invisible, carnivore 3, speed 1, shaggy fur 2, slow metabolism 1, sharp paws
a: Renounce Religion


You were on level 6 of the Dungeon.
You worshipped Uskayaw.
Uskayaw was noncommittal.
You were completely stuffed.

You visited 2 branches of the dungeon, and saw 7 of its levels.
You also visited: Sewer.

You collected 212 gold pieces.

Inventory:

Jewellery
 h - a +5 ring of intelligence (left paw)
 r - a +4 ring of evasion (right paw)
Scrolls
 c - a scroll of enchant armour {unknown}
 d - 6 scrolls of teleportation
 i - 4 scrolls of remove curse
 o - a scroll of fog
 p - a scroll of blinking
 t - a scroll of random uselessness {unknown}
 v - a scroll of recharging
Potions
 b - a potion of resistance {unknown}
 e - a potion of berserk rage
 g - 5 potions of curing {unknown}
 j - a potion of degeneration
 k - 5 potions of heal wounds
 l - 2 potions of brilliance {unknown}
 q - a potion of agility {unknown}
 s - a potion of mutation {unknown}
 u - a potion of flight {unknown}
Books
 m - a book of Changes

   Spells                             Type                      Level
   a - Beastly Appendage              Transmutation                1
   b - Sticks to Snakes               Transmutation                2
   c - Spider Form                    Transmutation/Poison         3
   d - Ice Form                       Ice/Transmutation            4
   e - Blade Hands                    Transmutation                5
Comestibles
 a - 4 meat rations
 f - 7 fruits
 n - 3 royal jellies


   Skills:
 + Level 4.1 Fighting
 + Level 7.6 Dodging
 + Level 7.2 Stealth
 + Level 9.7 Unarmed Combat


You had 7 spell levels left.
You didn't know any spells.

Dungeon Overview and Level Annotations

Branches:
Dungeon (6/15)             Temple (1/1) D:5

Altars:
Fedhas
Gozag
Kikubaaqudgha
Makhleb
Okawaru
Qazlal
Uskayaw
Xom
Yredelemnul
The Shining One


Innate Abilities, Weirdness & Mutations

You cannot wear armour.
You are incapable of wielding weapons or throwing items.
Your paws allow you to move quietly. (Stealth)
You have sharp claws.
You have razor-sharp teeth.
You have supernaturally acute eyesight. (SInv)
You are carnivorous and can eat meat at any time.
You cover ground quickly.
You are covered in thick fur. (AC +2)
You have a slow metabolism.
Your sharp claws are effective at attacking unaware monsters.


Message History

The orc is killed!
The adder bites the orc priest but does no damage.
You scratch the orc wizard but do no damage.
The orc wizard completely misses you.
The orc wizard gestures wildly while chanting.
The orc wizard blinks!
The orc seems less confused.
The orc priest seems less confused.
The adder seems less confused.
You barely miss the orc. You bite the orc, but do no damage.
The adder completely misses you.
You stomp with the beat, sending a shockwave through the revelers around you!
The orc is heavily wounded.
The adder is heavily wounded.
You feel somewhat less full.
You can no longer stomp with the beat.
The adder misses you. The orc closely misses you.
The orc priest looks braver for a moment.
The orc wizard casts a spell at you. The magic dart hits you!
You die...

#.# ...## ....
#..# #..## ...#
#..# #@.# #..#
#.S# #.# #..# #.#
#.# #oo# #.# #.#
#..####o.######.#
#)#
........o....o...
..#
.........######.#
#.# ##.####.##
#.# #.#


You could see an orc priest, an orc wizard, an adder and 2 orcs.

Vanquished Creatures
  The ghost of peaced01 the Skirmisher, an amateur OgFi (D:4)
  The ghost of McMoop the Slicer, a novice KoAr of Dithmenos (D:5)
  A phantom (D:4)
  Duvessa (D:5)
  A centaur (D:5)
  5 big kobolds (Sewer)
  Blork the orc (D:5)
  Dowan (D:6)
  4 orc priests
  2 hounds
  4 orc wizards
  6 worker ants
  A hound skeleton (D:4)
  Robin (D:3)
  2 worker ant zombies (D:5)
  10 adders
  3 gnolls (D:5)
  A howler monkey skeleton (D:4)
  3 river rats (Sewer)
  6 oozes
  An adder skeleton (D:5)
  4 worms
  A dart slug (D:4)
  A leopard gecko (D:5)
  23 orcs
  3 ball pythons
  5 giant cockroaches
  18 goblins
  4 hobgoblins
  14 jackals
  7 bats
  4 frilled lizards
  7 kobolds
  A quokka skeleton (D:5)
  16 rats
164 creatures vanquished.

Notes
Turn   | Place    | Note
-------+----------+-------------------------------------------
     0 | D:1      | swiftsword94 the Felid Monk began the quest for the Orb.
     0 | D:1      | Reached XP level 1. HP: 10/10 MP: 2/2
   295 | D:1      | Reached XP level 2. HP: 5/14 MP: 3/3
  1185 | D:1      | Reached XP level 3. HP: 15/17 MP: 4/4
  1905 | D:2      | Reached skill level 4 in Unarmed Combat
  2033 | D:3      | Found a glowing drain.
  2043 | Sewer    | Entered a sewer
  2352 | Sewer    | Noticed a big kobold
  2407 | Sewer    | Killed a big kobold
  2407 | Sewer    | Reached XP level 4. HP: 4/21 MP: 5/5
  2664 | Sewer    | Reached XP level 5. HP: 22/24 MP: 6/6
  2740 | Sewer    | Reached skill level 5 in Dodging
  2786 | Sewer    | Reached skill level 5 in Unarmed Combat
  3194 | Sewer    | Gained mutation: You are covered in thick fur. (AC +2) [Felid growth]
  3194 | Sewer    | Reached XP level 6. HP: 11/28 MP: 7/7
  3630 | Sewer    | Reached skill level 6 in Unarmed Combat
  4588 | Sewer    | Reached XP level 7. HP: 31/31 MP: 8/8
  4710 | D:3      | Killed from afar by an orc priest
  4711 | D:3      | Reached XP level 6. HP: -9/28 MP: 7/7
  5389 | D:3      | Noticed Robin
  5416 | D:3      | Reached skill level 7 in Unarmed Combat
  6133 | D:3      | Killed Robin
  6161 | D:4      | Noticed peaced01's ghost (amateur OgFi)
  6368 | D:4      | Killed peaced01's ghost
  6368 | D:4      | Reached skill level 5 in Stealth
  6368 | D:4      | Reached XP level 7. HP: 12/31 MP: 8/8
  6572 | D:4      | Reached skill level 8 in Unarmed Combat
  6587 | D:4      | Killed from afar by an orc wizard
  6588 | D:4      | Reached XP level 6. HP: -2/28 MP: 7/7
  6894 | D:4      | Reached XP level 7. HP: 24/31 MP: 8/8
  7293 | D:5      | Entered Level 5 of the Dungeon
  7430 | D:5      | Noticed McMoop's ghost (novice KoAr)
  7606 | D:5      | Killed McMoop's ghost
  7606 | D:5      | Reached skill level 9 in Unarmed Combat
  7680 | D:5      | Reached XP level 8. HP: 36/36 MP: 9/9
  7690 | D:5      | Found an iron altar of Okawaru.
  7695 | D:5      | Noticed Blork the orc
  7704 | D:5      | Killed Blork the orc
  7972 | D:5      | Found a staircase to the Ecumenical Temple.
  7986 | Temple   | Entered the Ecumenical Temple
  8039 | Temple   | Became a worshipper of Uskayaw the Reveler
  8039 | Temple   | Reached * piety under Uskayaw
  8163 | D:5      | Reached ** piety under Uskayaw
  8378 | D:6      | Noticed Duvessa
  8378 | D:6      | Noticed Dowan
  8384 | D:6      | Killed Dowan
  8409 | D:5      | Killed Duvessa
  8672 | D:6      | HP: 1/36 [orc wizard/magic dart (6)]
  8681 | D:6      | Killed from afar by an orc wizard

Skill      XL: |  1  2  3  4  5  6  7  8 |
---------------+-------------------------+-----
Stealth        | 3 4 5 6 7 |  7.2
Unarmed Combat | 4 5 7 9 |  9.7
Dodging        | 5 6 7 |  7.6
Fighting       | 4 |  4.1

Action                   |  1- 3 |  4- 6 |  7- 9 || total
-------------------------+-------+-------+-------++-------
Melee: Unarmed           |   150 |   334 |   189 ||   673
       Punch             |     3 |    13 |     6 ||    22
       Bite              |     8 |    30 |    14 ||    52
Invok: Stomp             |       |       |     2 ||     2
       Line Pass         |       |       |     1 ||     1
  Use: Scroll            |       |    12 |       ||    12
 Stab: Sleeping          |     8 |     7 |     8 ||    23
       Distracted        |       |     1 |       ||     1
  Eat: Chunk             |     9 |    15 |     9 ||    33
Armor: Skin              |    10 |    15 |     3 ||    28
Dodge: Dodged            |   113 |   239 |   154 ||   506
